 Dungeon Crawl Stone Soup version 0.26-a0-757-g626ac9e51a (webtiles) character file.

Game seed: 2239880745773898026

58888 runemasterragnar the Geomancer (level 14, -3/99 HPs)
             Began as an Octopode Earth Elementalist on Nov 7, 2020.
             Was an Initiate of Gozag.
             Killed by divine providence
             ... invoked by an orc high priest
              (9 damage)
             ... on level 2 of the Orcish Mines.
             The game lasted 01:19:14 (36904 turns).

runemasterragnar the Geomancer (OpEE)              Turns: 36904, Time: 01:19:15

Health: -3/99      AC:  1    Str:  7    XL:     14   Next: 92%
Magic:  26/27      EV: 26    Int: 25    God:    Gozag
Gold:   1678       SH:  0    Dex: 18    Spells: 10/31 levels left

rFire    x . .     SeeInvis .     - Unarmed
rCold    + . .     Faith    .   (shield currently unavailable)
rNeg     . . .     Spirit   .   (helmet restricted)
rPois    +         Reflect  .   H - amulet of magic regeneration
rElec    .         Harm     .   z - ring of stealth
rCorr    +         Rampage  .   a - ring of wizardry
MR       +....                  y - ring of poison resistance
Stlth    ++++++++..             F - +6 ring of dexterity
HPRegen  0.26/turn              I - +4 ring of evasion
MPRegen  0.45/turn              J - ring of resist corrosion
                                T - +4 ring of evasion
                                L - ring of ice

@: mighty, blade tentacles, gold aura, hasted, very quick
A: almost no armour, stealthy swim, amphibious, 8 rings, constrict 8, camouflage
1, clever 1, robust 1, gelatinous body 1, MP-powered wands
a: End Transformation, Potion Petition, Call Merchant, Bribe Branch, Renounce
Religion


You were on level 2 of the Orcish Mines.
You worshipped Gozag.
Gozag was most pleased with you.
You had blades for tentacles.
You visited 4 branches of the dungeon, and saw 24 of its levels.

You collected 6091 gold pieces.
You spent 332 gold pieces at shops.
You paid 4081 gold pieces to Gozag.

Inventory:

Hand Weapons
 i - a +1 whip of electrocution
 C - a +0 dagger of venom (melded)
Missiles
 b - 158 stones
 l - 54 poisoned darts (quivered)
Armour
 Q - a +2 buckler of protection (melded)
Jewellery
 a - a ring of wizardry (right scythe-like blade)
 y - a ring of poison resistance (on tentacle)
 z - a ring of stealth (left scythe-like blade)
 F - a +6 ring of dexterity (on tentacle)
 H - an amulet of magic regeneration (around mantle)
 I - a +4 ring of evasion (on tentacle)
 J - a ring of resist corrosion (on tentacle)
 L - a ring of ice (on tentacle)
 T - a +4 ring of evasion (on tentacle)
 Z - an uncursed ring of ice
Wands
 f - a wand of iceblast (6)
 j - a wand of flame (7)
 R - a wand of polymorph (6)
 U - a wand of disintegration (1)
 W - a wand of paralysis (1)
Scrolls
 c - a scroll of identify
 d - 4 scrolls of teleportation
 e - 8 scrolls of remove curse
 o - a scroll of summoning
 r - 2 scrolls of magic mapping
 K - a scroll of vulnerability
 M - a scroll of silence
Potions
 h - 3 potions of might
 m - 6 potions of curing
 s - a potion of heal wounds
 w - a potion of ambrosia
 x - 9 potions of flight
 N - a potion of mutation
 O - a potion of cancellation
 Y - 4 potions of brilliance


   Skills:
 + Level 6.5 Fighting
 + Level 7.0 Dodging
 + Level 13.5 Stealth
 - Level 5.0 Shields
 + Level 6.6 Unarmed Combat
 + Level 9.2 Spellcasting
 - Level 8.0 Conjurations
 - Level 4.1 Translocations
 + Level 8.2 Transmutations
 * Level 13.7 Earth Magic


You had 10 spell levels left.
You knew the following spells:

 Your Spells              Type           Power        Failure   Level
a - Sandblast             Erth           ######       1%          1
b - Stone Arrow           Conj/Erth      ######       3%          3
c - Petrify               Tmut/Erth      ######..     4%          4
d - Apportation           Tloc           ####..       6%          1
e - Lee's Rapid Deconstr  Erth           ######....   4%          5
f - Passwall              Tmut/Erth      ######..     2%          2
g - Blade Hands           Tmut           ######....   13%         5

Your spell library contained the following spells:

 Spells                   Type           Power        Failure   Level
 Beastly Appendage        Tmut           ######       3%          1
 Magic Dart               Conj           ####         3%          1
 Wereblood                Tmut           ######..     4%          2
 Shock                    Conj/Air       ####         6%          1
 Blink                    Tloc           N/A          8%          2
 Conjure Flame            Conj/Fire      ####....     11%         3
 Spider Form              Tmut/Pois      ####......   11%         3
 Static Discharge         Conj/Air       ####....     11%         3
 Leda's Liquefaction      Hex/Erth       #####.....   11%         4
 Animate Skeleton         Necr           ##....       14%         1
 Corona                   Hex            ##.....      14%         1
 Summon Small Mammal      Summ           ##..         14%         1
 Mephitic Cloud           Conj/Pois/Air  ###.....     14%         3
 Portal Projectile        Hex/Tloc       ###...       16%         3
 Call Imp                 Summ           ##......     19%         2
 Slow                     Hex            ##......     19%         2
 Swiftness                Air            ##......     19%         2
 Ice Form                 Ice/Tmut       #####...     21%         4
 Inner Flame              Hex/Fire       ##......     26%         3
 Lightning Bolt           Conj/Air       ####......   38%         5
 Airstrike                Air            ##........   52%         4
 Cause Fear               Hex            ##........   52%         4


Dungeon Overview and Level Annotations

Branches:
Dungeon (15/15)            Temple (1/1) D:5            Lair (6/6) D:10
  Swamp (0/4) Lair:3       Shoals (0/4) Lair:3          Orc (2/2) D:11
    Elf (0/3) Orc:2        Vaults (0/5) D:14
  Snake: Lair:2-4    Spider: Lair:2-4     Slime: Lair:5-6    Depths: D:15

Altars:
Cheibriados
Dithmenos
Elyvilon
Fedhas
Gozag
Kikubaaqudgha
Makhleb
Nemelex Xobeh
Okawaru
Qazlal
Sif Muna
Trog
Vehumet
Wu Jian
Yredelemnul
Zin
The Shining One
Beogh

Shops:
D:6 *   D:9 :   D:11 ([   D:13 ?   Lair:1 **=[

Annotations:
D:2 1 runed translucent door, Crazy Yiuf
D:12 exclusion: oklob plant
Lair:2 exclusion: oklob plant
Lair:4 exclusion: oklob plant


Innate Abilities, Weirdness & Mutations

You cannot wear most types of armour.
You are very stealthy in the water. (Stealth+)
You are amphibious.
You can wear up to eight rings at the same time.
You can use your tentacles to constrict eight enemies at once.
Your skin changes colour to match your surroundings (Stealth+).
Your rubbery body absorbs attacks. (AC +1, EV +1)
Your mind is acute. (Int +2)
You are robust. (+10% HP)
You expend magic power (3 MP) to strengthen your wands.


Message History

You hear a shout!
An orc high priest comes into view. It is wielding a +0 hand axe.
You slash the orc knight! You grab the orc knight.
The orc knight is moderately wounded.
You constrict the orc knight, but do no damage.
The orc knight hits you with a +0 bardiche!!
Unknown command.
You slash the orc knight!
The orc knight is moderately wounded.
You constrict the orc knight, but do no damage.
Unknown command.
You slice the orc knight!! You squeeze the orc knight!
The orc knight is severely wounded.
You constrict the orc knight, but do no damage.
The orc knight hits you with a +0 bardiche!!
* * * LOW HITPOINT WARNING * * *
The orc high priest calls down the wrath of Beogh upon you.
Beogh smites you!
You die...
Your body crumbles into a pile of gold.

O.T...............$..
...h.............#...
..o..................
.................$... $
.o...........o<....$.. $
o......<...................##
......).....($..............#
............................#
.$.........o@.........$.....#
..o............#............#
............$$.$...........##
............................#
...................$.#)....#
.................)...##
...o...........)<)....#
...........##$.).#...<#
....$....(.#.....#...##


You could see an orc knight, an orc high priest and an orc warrior.

Vanquished Creatures
  An orc warlord (Orc:2)
  Josephine (D:13)
  Erolcha (D:9)
  4 hydras
  3 centaur warriors (D:14)
  5 two-headed ogres
  2 tengu warriors (D:12)
  2 orc high priests
  Urug (Orc:1)
  2 unseen horrors
  Pikel (D:4)
  4 deep elf magi
  An orc knight (Orc:1)
  3 orc sorcerers
  5 ugly things
  A manticore (D:11)
  2 cyclopes
  6 elephants
  Joseph (D:9)
  Maurice (Orc:2)
  2 black mambas
  Maggie (D:10)
  8 cane toads
  4 centaur skeletons
  A rime drake (Lair:6)
  4 komodo dragons
  A kobold demonologist (D:12)
  3 meliai (D:10)
  2 polar bears
  11 trolls
  A slime creature (Lair:3)
  8 blink frogs
  2 wyverns
  3 wraiths (D:13)
  2 vampires
  44 yaks
  6 basilisks
  Eustachio (D:5)
  2 vampire mosquitoes (D:8)
  A steam dragon (Lair:3)
  A warg (Orc:2)
  An acid dragon (D:12)
  5 water moccasins
  3 black bears
  2 ice beasts
  3 sky beasts
  26 orc warriors
  8 wolves
  3 phantoms
  A necrophage (D:13)
  11 centaurs
  12 ogres
  2 lemures (D:4)
  4 big kobolds
  Blork the orc (D:5)
  A wyvern zombie (D:10)
  17 bullfrogs
  A wyvern skeleton (D:12)
  3 scorpions
  50 killer bees
  22 wights
  2 howler monkeys
  6 centaur zombies
  A quasit (D:6)
  9 jellies
  A bullfrog zombie (D:12)
  23 orc priests
  7 hounds
  28 orc wizards
  5 iguanas
  Ijyb (D:5)
  2 bullfrog skeletons
  8 worker ants
  A killer bee zombie (D:6)
  A hound zombie (D:10)
  3 hound skeletons
  Robin (D:4)
  A howler monkey zombie (D:6)
  9 adders
  2 gnolls (D:3)
  A shadow imp (D:7)
  2 white imps
  An ufetubus (D:6)
  17 oozes
  5 adder skeletons
  2 adder zombies
  A worm (D:3)
  6 leopard geckos
  92 orcs
  6 bats
  4 giant cockroaches
  16 hobgoblins
  7 jackals
  28 kobolds
  6 quokkas
  2 ball pythons
  4 frilled lizards
  11 goblins
  A leopard gecko skeleton (D:4)
  A quokka skeleton (D:6)
  5 rats
  A butterfly (Lair:3)
661 creatures vanquished.

Vanquished Creatures (collateral kills)
  A cyclops (D:11)
  2 yaks (Lair:2)
  An orc warrior (D:11)
  A hound (D:11)
5 creatures vanquished.

Vanquished Creatures (others)
  An orc warrior (D:11)
  A yak (D:10)
  2 wolves (Lair:2)
  An orc (Orc:1)
  A bush (Lair:4)
  77 fungi
  116 plants
  4 toadstools (D:1)
203 creatures vanquished.

Grand Total: 869 creatures vanquished

Notes
Turn   | Place    | Note
-------+----------+-------------------------------------------
     0 | D:1      | runemasterragnar the Octopode Earth Elementalist began the
                  | quest for the Orb.
     0 | D:1      | Reached XP level 1. HP: 11/11 MP: 3/3
   209 | D:1      | Reached XP level 2. HP: 8/17 MP: 3/5
   937 | D:1      | Reached XP level 3. HP: 21/21 MP: 6/6
  2018 | D:2      | Reached XP level 4. HP: 26/27 MP: 7/7
  2533 | D:2      | Found a runed translucent door.
  2534 | D:2      | Noticed Crazy Yiuf
  2687 | D:2      | Learned a level 3 spell: Stone Arrow
  2692 | D:2      | Learned a level 4 spell: Petrify
  3212 | D:3      | Reached XP level 5. HP: 21/31 MP: 4/9
  3217 | D:3      | Reached skill level 1 in Conjurations
  3455 | D:4      | Noticed a phantom
  3497 | D:4      | HP: 1/31 [phantom (7)]
  3503 | D:4      | Killed a phantom
  3503 | D:4      | Reached XP level 6. HP: 32/36 MP: 0/10
  3728 | D:3      | Found a roughly hewn altar of Beogh.
  4841 | D:4      | Noticed Pikel
  5048 | D:4      | Noticed Robin
  5074 | D:5      | Entered Level 5 of the Dungeon
  5334 | D:5      | Noticed Ijyb
  5335 | D:5      | Got a brightly glowing quarterstaff
  5337 | D:5      | Identified the +4 quarterstaff of Awkwardness {vorpal,
                  | rElec} (You found it on level 5 of the Dungeon)
  5368 | D:5      | Killed Ijyb
  5392 | D:5      | Reached skill level 5 in Earth Magic
  5392 | D:5      | Reached XP level 7. HP: 12/41 MP: 1/11
  5553 | D:5      | Reached skill level 5 in Stealth
  5759 | D:5      | Found a staircase to the Ecumenical Temple.
  5767 | Temple   | Entered the Ecumenical Temple
  5774 | Temple   | Became a worshipper of Gozag Ym Sagoz the Greedy
  6182 | D:5      | Noticed Blork the orc
  6186 | D:5      | Killed Blork the orc
  6223 | D:5      | Noticed Eustachio
  6241 | D:5      | Killed Eustachio
  6716 | D:4      | Reached XP level 8. HP: 46/46 MP: 13/13
  6738 | D:4      | Killed Robin
  6887 | D:4      | Killed Pikel
  7564 | D:3      | Learned a level 1 spell: Apportation
  7570 | D:3      | Learned a level 5 spell: Lee's Rapid Deconstruction
  7931 | D:6      | Reached skill level 1 in Translocations
  8121 | D:6      | Reached XP level 9. HP: 48/51 MP: 2/15
  9086 | D:6      | Found a white marble altar of Elyvilon.
  9411 | D:6      | Found Qohesmo's Assorted Antiques.
  9935 | D:7      | Reached skill level 5 in Spellcasting
 10993 | D:8      | Reached XP level 10. HP: 56/56 MP: 6/18
 11176 | D:8      | Noticed a two-headed ogre
 11485 | D:8      | Noticed a boulder beetle
 11559 | D:8      | Killed a two-headed ogre
 11559 | D:8      | Reached skill level 5 in Transmutations
 11664 | D:8      | Learned a level 2 spell: Passwall
 11668 | D:8      | Noticed a cyclops
 12035 | D:8      | Reached skill level 5 in Conjurations
 12176 | D:9      | Found Rufoduna's Book Shop.
 12176 | D:9      | Noticed Joseph
 12578 | D:9      | Killed Joseph
 12578 | D:9      | Noticed Erolcha
 12596 | D:10     | Entered Level 10 of the Dungeon
 12769 | D:10     | Noticed Maggie
 12775 | D:10     | Killed Maggie
 12952 | D:10     | HP: 2/56 [centaur/arrow (13)]
 13343 | D:10     | Reached XP level 11. HP: 61/61 MP: 9/20
 13724 | D:10     | Reached skill level 10 in Earth Magic
 14111 | D:9      | Killed Erolcha
 14111 | D:9      | Reached skill level 10 in Stealth
 14368 | D:9      | Noticed an ice dragon
 14596 | D:11     | Found Oqaclimn's Weapon Shoppe.
 14596 | D:11     | Found a staircase to the Orcish Mines.
 14596 | D:11     | Found Ycagaahu's Armour Shoppe.
 14612 | D:11     | Noticed a cyclops
 14621 | D:11     | Killed a cyclops
 14634 | D:11     | Noticed a manticore
 14639 | D:11     | Killed a manticore
 14706 | D:11     | Noticed a two-headed ogre
 14925 | D:10     | Found a staircase to the Lair.
 14940 | Lair:1   | Entered Level 1 of the Lair of Beasts
 15350 | Lair:1   | Noticed a five-headed hydra
 15357 | Lair:1   | Killed a five-headed hydra
 16742 | Lair:2   | Reached skill level 1 in Fighting
 16742 | Lair:2   | Reached skill level 1 in Unarmed Combat
 17537 | Lair:2   | Reached XP level 12. HP: 69/69 MP: 13/22
 19484 | Lair:3   | Found a staircase to the Shoals.
 19517 | Lair:3   | Noticed an eight-headed hydra
 19835 | Lair:3   | Found a staircase to the Swamp.
 19959 | Lair:1   | Bought a runed buckler for 240 gold pieces
 20114 | Lair:3   | Killed an eight-headed hydra
 20739 | Lair:4   | Noticed a seven-headed hydra
 20748 | Lair:4   | Killed a seven-headed hydra
 20748 | Lair:4   | Reached skill level 1 in Shields
 21799 | Lair:4   | Noticed a four-headed hydra
 21817 | Lair:4   | Killed a four-headed hydra
 22334 | Lair:5   | Gained mutation: You are robust. (+10% HP) [potion of
                  | mutation]
 22334 | Lair:5   | Gained mutation: Your mind is acute. (Int +2) [potion of
                  | mutation]
 22334 | Lair:5   | Gained mutation: You expend magic power (3 MP) to
                  | strengthen your wands. [potion of mutation]
 23321 | Lair:5   | Reached XP level 13. HP: 84/86 MP: 4/24
 24867 | D:10     | Found a sparkling altar of Nemelex Xobeh.
 27028 | D:11     | Reached skill level 5 in Dodging
 27353 | D:11     | Found a snail-covered altar of Cheibriados.
 27508 | D:11     | You fall into a shaft and drop 1 floor!
 28245 | D:12     | Found a roughly hewn altar of Beogh.
 28696 | D:12     | Reached skill level 5 in Fighting
 28696 | D:12     | Reached skill level 5 in Unarmed Combat
 29931 | D:12     | You fall into a shaft and drop 3 floors!
 29931 | D:15     | Entered Level 15 of the Dungeon
 30135 | D:14     | Reached XP level 14. HP: 66/96 MP: 7/26
 30171 | D:14     | Found a gate to the Vaults.
 31162 | D:12     | Found a blossoming altar of Fedhas.
 31671 | D:13     | Noticed Josephine
 31676 | D:13     | Killed Josephine
 31903 | D:13     | Found Maq Usoa's Magic Scroll Emporium.
 31916 | D:13     | Bought a scroll of identify for 28 gold pieces
 32005 | D:13     | Reached skill level 5 in Shields
 33214 | Lair:1   | Bought a scroll of identify for 64 gold pieces
 33349 | Lair:6   | Entered Level 6 of the Lair of Beasts
 33565 | Lair:6   | HP: 2/99 [boulder beetle (59)]
 34021 | Orc:1    | Entered Level 1 of the Orcish Mines
 34039 | Orc:1    | Learned a level 5 spell: Blade Hands
 34495 | Orc:1    | Found a bloodstained altar of Trog.
 34989 | Orc:2    | Entered Level 2 of the Orcish Mines
 34989 | Orc:2    | Noticed Maurice
 35204 | Orc:2    | Found a staircase to the Elven Halls.
 35451 | Orc:2    | Noticed Urug
 35709 | Orc:1    | Killed Urug
 36152 | Orc:2    | Killed Maurice
 36870 | Orc:2    | Noticed an orc warlord
 36887 | Orc:2    | Killed an orc warlord
 36904 | Orc:2    | Killed from afar by an orc high priest

Illustrated notes

Levels and vault maps discovered:
D:1:      ldierk_walled_garden_2, layout_loops_corners
D:2:      layout_basic, uniq_crazy_yiuf_cottage
D:3:      layout_basic, kennysheep_orc_chapel
D:4:      layout_basic, uniq_robin, uniq_pikel
D:5:      layout_rooms, minmay_temple_entry_drinking_statues,
          minmay_misc_feat_more_columns, chequers_serial_rivers_micro_b,
          grunt_decor_fettered, uniq_blork_the_orc, uniq_eustachio, uniq_ijyb
D:6:      layout_basic, elyvilon_altar_3, serial_shops,
          nicolae_shop_window_shopping, minmay_crossroads
D:7:      layout_rooms
D:8:      layout_loops_ring, minmay_three_doors
D:9:      dragon1_lemuel, layout_cave_pools, serial_column_ruins,
          column_ruins_square_medium, column_ruins_hut, column_ruins_grid_1,
          column_ruins_columns_T, column_ruins_grid_3,
          column_ruins_columns_straight, column_ruins_grid_4,
          column_ruins_open_tiny, serial_shops, shop, uniq_joseph, uniq_erolcha
D:10:     nicolae_whirlpool, layout_loops_cross, david_lair_generic,
          grunt_ministairs_5, minmay_ruined_shrine, uniq_maggie
D:11:     wad_woods_minihive, layout_basic, orc_david_3, basic_altar
D:12:     layout_loops_ring, special_room [special_room_orc], tgw_fedhas
D:13:     layout_long_grid, serial_shops, shop, uniq_josephine
D:14:     layout_big_octagon, david_vaults_1, portal_ice_cave_demonic_guard
D:15:     grunt_enter_depths_magical_seal, layout_loops_ring,
          chequers_serial_rivers_micro_b
Temple:   dpeg_three_leaves_temple
Lair:1:   layout_long_grid
Lair:2:   layout_regular_city, serial_bayou_pond_c, minmay_lair_oklob_items,
          st_stairs_10
Lair:3:   lemuel_slime, layout_gridlike, swamp_mist_pool,
          elwin_shoals_entry_rocks, lemuel_fruit_fields
Lair:4:   layout_cave_shapes
Lair:5:   layout_cave_pods
Lair:6:   evilmike_catoblepas_cave, layout_regular_city,
          minmay_slime_entry_oklob_enclosed, basic_altar, grunt_megastairs_5,
          minmay_lair_oklob_chamber
Orc:1:    layout_diamond_mine, basic_altar
Orc:2:    grunt_orc_gardens, layout_caves, grunt_orc_garden, grunt_orc_garden,
          grunt_orc_garden, grunt_orc_garden, uniq_urug, uniq_maurice

Skill      XL: |  1  2  3  4  5  6  7  8  9 10 11 12 13 14 |
---------------+-------------------------------------------+-----
Stealth        | 3 4 5 6 8 9 10 11 12 13 | 13.5
Earth Magic    | 4 5 6 8 9 10 11 12 13 | 13.7
Conjurations   | 1 2 3 4 6 7 8 |  8.0
Spellcasting   | 3 4 5 6 7 8 9 |  9.2
Transmutations | 2 3 4 6 7 8 |  8.2
Translocations | 1 3 4 |  4.1
Fighting       | 1 3 5 6 |  6.5
Unarmed Combat | 1 3 5 6 |  6.6
Dodging        | 4 5 7 |  7.0
Shields        | 2 4 5 |  5.0

Action                   |  1- 3 |  4- 6 |  7- 9 | 10-12 | 13-15 || total
-------------------------+-------+-------+-------+-------+-------++-------
Melee: Unarmed           |    11 |       |       |       |   184 ||   195
       Constrict         |    15 |    20 |    14 |    33 |    80 ||   162
       Tentacles         |    11 |    12 |    13 |    29 |    98 ||   163
       Whip              |    47 |    75 |       |    24 |   330 ||   476
       Dagger            |     5 |       |       |       |    23 ||    28
       Quarterstaff      |       |     9 |    81 |   144 |       ||   234
       Punch             |       |       |       |     2 |    17 ||    19
Throw: Stone             |       |     3 |       |       |       ||     3
       Dart              |       |       |     2 |    76 |    96 ||   174
 Cast: Sandblast         |    11 |    49 |   141 |    91 |    51 ||   343
       Stone Arrow       |       |     1 |    29 |   193 |   247 ||   470
       Petrify           |       |       |     7 |    16 |    12 ||    35
       Lee's Rapid Decon |       |       |     1 |    12 |    31 ||    44
       Passwall          |       |       |       |     3 |     2 ||     5
       Apportation       |       |       |       |     1 |       ||     1
       Blade Hands       |       |       |       |       |    19 ||    19
Invok: Call Merchant     |       |       |       |     2 |     2 ||     4
       Potion Petition   |       |       |       |       |     2 ||     2
Evoke: Wand              |       |       |     1 |    42 |    28 ||    71
  Use: Scroll            |     1 |     7 |     7 |    11 |    15 ||    41
       Potion            |       |     6 |       |     1 |    15 ||    22
 Stab: Sleeping          |     8 |     5 |     7 |    11 |     8 ||    39
       Distracted        |       |     1 |       |     1 |     4 ||     6
       Petrified         |       |       |    14 |     8 |     2 ||    24
       Petrifying        |       |       |       |     1 |       ||     1
       Paralysed         |       |       |       |       |    10 ||    10
       Invisible         |       |       |       |       |     1 ||     1
Armor: Skin              |     9 |     5 |     2 |     8 |   130 ||   154
Dodge: Dodged            |    51 |    57 |    78 |   192 |   571 ||   949
Block: Buckler           |       |       |       |    17 |   220 ||   237

Table legend: (Time is in decaauts)
 A = Elapsed time spent in this place.
 B = Non-inter-level travel time spent in this place.
 C = Inter-level travel time spent in this place.
 D = Time resting spent in this place.
 E = Time spent auto-exploring this place.
 F = Levels seen in this place.
 G = Mean time per level.
                   A        B        C        D        E       F      G
               +--------+--------+--------+--------+--------+-----+--------+
         Total |  37023 |  35467 |   1556 |  12149 |  16268 |  24 | 1542.6 |
       Dungeon |  24054 |  23195 |    859 |   6556 |  11709 |  15 | 1603.6 |
        Temple |     14 |     14 |      0 |      0 |      0 |   1 |   14.0 |
          Lair |  10361 |   9692 |    669 |   4461 |   3857 |   6 | 1726.8 |
  Orcish Mines |   2592 |   2565 |     27 |   1131 |    702 |   2 | 1296.0 |
               +--------+--------+--------+--------+--------+-----+--------+

Top non-repeatable levels by time:
    D:10: 3289 daAuts
  Lair:2: 2933 daAuts
    D:11: 2801 daAuts
    D:12: 2177 daAuts
     D:4: 2096 daAuts
  Lair:5: 2044 daAuts
    D:13: 2007 daAuts
     D:6: 1977 daAuts
     D:2: 1680 daAuts
  Lair:4: 1647 daAuts
   Orc:1: 1644 daAuts
  Lair:1: 1640 daAuts
  Lair:3: 1608 daAuts
     D:8: 1562 daAuts
     D:5: 1460 daAuts
